[Event "*** Titled Tuesday Blitz"]
[Site "Chess.com"]
[Date "2020.05.12"]
[Round "8"]
[White "kingofthenil"]
[Black "relaxx87"]
[Result "0-1"]
[WhiteElo "2465"]
[BlackElo "2673"]
[TimeControl "180+1"]
[EndTime "11:33:20 PDT"]
[Termination "relaxx87 won by resignation"]

1. e4 c5 2. d3 Nc6 3. g3 g6 4. Bg2 Bg7 5. f4 d6 6. Nf3 Nf6 7. O-O O-O 8. Nc3 Rb8 9. h3 b5 10. g4 b4 11. Ne2 Ba6 12. Kh1 c4 13. Be3 cxd3 14. cxd3 Nd7 15. Rc1 Nc5 16. d4 Nxe4 17. Kh2 Na5 18. Nd2 Nxd2 19. Qxd2 Nc4 20. Qd3 Nxe3 21.
Qxe3 e6 22. Rc6 Bb5 23. Rc2 Rc8 24. Rfc1 Qd7 25. Ng3 Rxc2 26. Rxc2 d5 27. Bf1 Bxf1 28. Nxf1 Rc8 29. Rxc8+ Qxc8 30. Qd2 Qc4 31. Ne3 Qxd4 32. Qxd4 Bxd4 33. Nc2 Bxb2 34. Nxb4 Bc3 35. Nd3 f6 36. Kg3 Kf7 37. Kf3 e5 38. fxe5 fxe5 39.
Nc5 Ke7 40. h4 Kd6 41. Nb3 e4+ 42. Kf4 Be5+ 43. Ke3 h6 44. h5 gxh5 45. gxh5 Bf6 46. a4 Bg5+ 47. Kd4 Bf6+ 48. Ke3 Ke5 49. Na5 d4+ 50. Ke2 Kd5 51. Nb3 d3+ 52. Kd1 Bg5 53.
Na5 e3 54. Nb3 e2+ 55. Ke1 Bh4+ 56. Kd2 e1=Q+ 57. Kxd3 Qe4+ 58. Kc3 Qxa4 59. Kb2 0-1

[Event "*** Titled Tuesday Blitz"]
[Site "Chess.com"]
[Date "2020.05.12"]
[Round "8"]
[White "TERMINATOR_PC"]
[Black "vaishali2001"]
[Result "1-0"]
[WhiteElo "2477"]
[BlackElo "2634"]
[TimeControl "180+1"]
[EndTime "11:33:21 PDT"]
[Termination "TERMINATOR_PC won by resignation"]

1. e4 e5 2. Nf3 Nc6 3. d4 exd4 4. Bc4 Nf6 5. Ng5 Ne5 6. Qxd4 Nxc4 7. Qxc4 d5 8. exd5 Qxd5 9. Qe2+ Be6 10. O-O O-O-O 11.
Nc3 Qc4 12. Nxe6 Qxe2 13. Nxe2 fxe6 14. Be3 Bd6 15. h3 Nd5 16. Bg5 Rd7 17. a3 h6 18.
Bd2 Be5 19. Rab1 Nb6 20. Bf4 Bf6 21. b3 Rhd8 22. c4 Rd3 23. Be3 Nd7 24. Nf4 Rd6 25.
c5 Ra6 26. Rfd1 g5 27. Nh5 Rxa3 28. Rxd7 Kxd7 29. Nxf6+ Kc6 30. Ng4 a5 31. Nxh6 Rd3 32.
Nf7 Rdxb3 33. Rd1 a4 34. Nxg5 Ra2 35. Nxe6 Rbb2 36. Nd4+ Kxc5 37. h4 a3 38. h5 Kc4 39.
h6 Re2 40. Nxe2 Rxe2 41. h7 a2 42. h8=Q 1-0

[Event "*** Titled Tuesday Blitz"]
[Site "Chess.com"]
[Date "2020.05.12"]
[Round "8"]
[White "2346PL"]
[Black "diablanni"]
[Result "1-0"]
[WhiteElo "2465"]
[BlackElo "2314"]
[TimeControl "180+1"]
[EndTime "11:33:21 PDT"]
[Termination "2346PL won by resignation"]

1. d4 Nf6 2. Bg5 Ne4 3. Bf4 d5 4. f3 Nf6 5. e4 dxe4 6. Nc3 Nd5 7. Nxd5 Qxd5 8. c4 Qa5+ 9. Bd2 Qf5 10. Qc2 exf3 11.
Qxf5 Bxf5 12. Nxf3 e6 13. Be2 Nc6 14. O-O Rd8 15.
Bc3 Bb4 16. d5 Bxc3 17. bxc3 Ne7 18. Nd4 c5 19. Nxf5 exf5 20. Bd3 g6 21. Rae1 Kd7 22.
g4 Rhe8 23. gxf5 Nxf5 24. Bxf5+ gxf5 25. Kg2 Rxe1 26. Rxe1 Rg8+ 27. Kf3 Rg4 28. Re5 Rxc4 29. Rxf5 Ke7 30. Rh5 Rxc3+ 31. Ke4 Ra3 32. Rxh7 Rxa2 33. h4 Rd2 34. h5 a5 35. h6 a4 36. Rh8 Rh2 37. h7 a3 38. Rb8 Rxh7 39. Rxb7+ Kd6 40. Rb6+ Kd7 41. Ra6 Rh3 42. Ra7+ Ke8 43. Ke5 c4 44. Kd6 Kf8 45. Kd7 Rd3 46. d6 f5 47. Ke6 f4 48. d7 f3 49. Rxa3 Rxa3 50. d8=Q+ Kg7 51. Qe7+ 1-0

[Event "*** Titled Tuesday Blitz"]
[Site "Chess.com"]
[Date "2020.05.12"]
[Round "8"]
[White "A-Fier"]
[Black "Parhamov"]
[Result "0-1"]
[WhiteElo "2775"]
[BlackElo "3011"]
[TimeControl "180+1"]
[EndTime "11:33:22 PDT"]
[Termination "Parhamov won by resignation"]

1. d4 Nf6 2. c4 e6 3. Nc3 Bb4 4. e3 O-O 5. Ne2 c6 6. a3 Ba5 7.
Qc2 d5 8. Ng3 Nbd7 9. Be2 Re8 10. O-O Bc7 11. Rd1 Qe7 12. Bd2 h6 13. e4 dxc4 14. Bxc4 Nb6 15. Ba2 e5 16. dxe5 Bxe5 17. f3 Be6 18. Bxe6 Qxe6 19. b3 Rad8 20. Rac1 Rd7 21.
Be3 Red8 22. Rxd7 Qxd7 23. f4 Bd4 24. Qe2 Ng4 25. Nd1 Nxe3 26. Nxe3 Re8 27. Kh1 Nd5 28. Nxd5 cxd5 29. e5 f6 30. Qd3 fxe5 31. fxe5 Bxe5 32. Rd1 d4 33. Ne2 Rd8 34. Qe4 Bf6 35. h3 a6 36. Nf4 Qf7 37. b4 Re8 38. Qf5 Re3 39. Nd5 Re6 40. Rc1 Bd8 41. Qg4 Rd6 42. Nf4 d3 43.
Rd1 d2 44. Ne2 Bg5 45. Ng3 Qe6 46. Qf3 Qe1+ 47. Kh2 Be3 48. Ne4 Rd3 49. Nxd2 Bg1+ 50. Kh1 Qe5 51. Kxg1 Rxf3 52. Nxf3 Qe3+ 53. Kh2 Qxa3 54.
Rd4 a5 55. h4 axb4 56. h5 b3 57. Ne5 Qa5 58. Ng6 Qxh5+ 0-1

[Event "*** Titled Tuesday Blitz"]
[Site "Chess.com"]
[Date "2020.05.12"]
[Round "8"]
[White "Flawless_Fighter"]
[Black "SGchess01"]
[Result "0-1"]
[WhiteElo "2476"]
[BlackElo "2752"]
[TimeControl "180+1"]
[EndTime "11:33:24 PDT"]
[Termination "SGchess01 won on time"]

1. e4 e5 2. Nf3 Nc6 3. Bb5 a6 4. Ba4 d6 5. c3 Bd7 6. d4 Nf6 7. O-O Nxe4 8. Re1 f5 9. Bc2 Be7 10. dxe5 dxe5 11. Bxe4 fxe4 12. Rxe4 Bf5 13. Re1 e4 14.
Nd4 Nxd4 15. cxd4 O-O 16. Nc3 Bf6 17. Be3 Kh8 18. Qb3 b6 19. Rad1 Qd7 20. d5 Rae8 21. Qc4 Be5 22. Bd4 Bd6 23. Qe2 Bg4 24. Qe3 Bxd1 25.
Rxd1 Qg4 26. h3 Qg6 27. Qe2 b5 28. Re1 Rf4 29. Be3 Rf5 30. Bd4 h6 31. Nxe4 Rxd5 32.
Bc3 b4 33. Qc4 Rb5 34. Bd2 Qe6 35. Qxe6 Rxe6 36. f3 Be5 37. Rc1 Bxb2 38. Rxc7 a5 39. Bf4 Be5 40. Rc8+ Kh7 41. Bxe5 Rexe5 42. Nd6 Rbd5 43.
Nf7 Re2 0-1

[Event "*** Titled Tuesday Blitz"]
[Site "Chess.com"]
[Date "2020.05.12"]
[Round "8"]
[White "WonderChampion"]
[Black "Funkmaus"]
[Result "1-0"]
[WhiteElo "1903"]
[BlackElo "2202"]
[TimeControl "180+1"]
[EndTime "11:33:24 PDT"]
[Termination "WonderChampion won on time"]

1. e4 c6 2. c4 d5 3. exd5 cxd5 4. cxd5 Nf6 5. Nc3 Nxd5 6. Bb5+ Nc6 7. Nf3 g6 8. Qa4 Nb6 9. Bxc6+ bxc6 10. Qxc6+ Bd7 11.
Qe4 Bg7 12. O-O O-O 13. Qe2 Rc8 14. h3 Bf5 15. Qd1 Bd3 16. Re1 Rc5 17. Ne4 Rc8 18.
Qb3 h6 19. Nc3 Qd6 20. a4 Bc4 21. Qd1 Rfd8 22. a5 Nd7 23. d4 Rb8 24. Qc2 Bb3 25. Qe2 e6 26. Be3 Nf6 27. Qd3 Nd5 28. Nxd5 Qxd5 29. a6 Bc4 30. Qd2 Rdc8 31. Rec1 Bb3 32. Bxh6 Rxc1+ 33. Rxc1 Kh7 34. Bxg7 Kxg7 35. Qf4 Rb6 36.
Qe5+ Qxe5 37. Nxe5 Rxa6 38. Rc7 Ra1+ 39. Kh2 a5 40.
Rxf7+ Kh6 41. Ra7 a4 42. Nd3 Ra2 43. h4 Bc4 44. Ne5 Bb3 45. g4 Rxb2 46. Kg3 g5 47. h5 Rc2 48. Nf7+ 1-0

[Event "*** Titled Tuesday Blitz"]
[Site "Chess.com"]
[Date "2020.05.12"]
[Round "8"]
[White "Nafania1"]
[Black "javirec"]
[Result "1-0"]
[WhiteElo "2437"]
[BlackElo "2286"]
[TimeControl "180+1"]
[EndTime "11:33:26 PDT"]
[Termination "Nafania1 won by resignation"]

1. e4 e5 2. Nf3 Nc6 3. Bb5 a6 4. Ba4 Nf6 5. O-O Be7 6. Re1 b5 7. Bb3 d6 8. c3 O-O 9. d4 Bg4 10.
Be3 Na5 11. dxe5 Bxf3 12. Qxf3 dxe5 13. Nd2 Nxb3 14. Nxb3 Qd7 15. Nc5 Qc6 16. b4 a5 17.
a3 Rfd8 18. Qf5 Bxc5 19. Bxc5 Qe6 20. Qxe6 fxe6 21. f3 Kf7 22. Red1 Nd7 23. Be3 Nb6 24. Bxb6 cxb6 25. Kf2 Rac8 26. Rxd8 Rxd8 27. Ke3 Rc8 28.
Kd3 Rd8+ 29. Kc2 Ke7 30. Rb1 Ra8 31. Kb3 Kd6 32. Rd1+ Kc6 33. c4 bxc4+ 34. Kxc4 axb4 35. Kxb4 b5 36. Rc1+ Kb6 37. Rd1 Kc6 38. Kb3 Ra7 39. Rd8 Kc5 40. Rc8+ Kd4 41. Rb8 Kc5 42. h4 h6 43. g4 Rd7 44. Rc8+ Kb6 45. Rc3 Rd4 46.
g5 hxg5 47. hxg5 Rd7 48. Kb4 Rd4+ 49. Kb3 Rd7 50. a4 bxa4+ 51. Kxa4 Rd4+ 52. Kb3 Rd7 53. Kc4 Rc7+ 54. Kd3 Rf7 55. Ke3 Rd7 56. Ra3 Kc6 57. Ra6+ Kc7 58. Rxe6 Rf7 59. Rxe5 Kd6 60. Rd5+ Ke6 61.
Ra5 Ra7 62. Rxa7 1-0

[Event "*** Titled Tuesday Blitz"]
[Site "Chess.com"]
[Date "2020.05.12"]
[Round "8"]
[White "ZEN-22"]
[Black "Duong57"]
[Result "0-1"]
[WhiteElo "2413"]
[BlackElo "2275"]
[TimeControl "180+1"]
[EndTime "11:33:26 PDT"]
[Termination "Duong57 won by checkmate"]

1. e4 c5 2. b4 cxb4 3. a3 d5 4.
exd5 Qxd5 5. Nf3 e5 6. c4 bxc3 7. Nxc3 Qe6 8. Bb5+ Nc6 9. O-O Bd7 10. Bxc6 bxc6 11.
Nxe5 Bd6 12. Re1 Ne7 13. d4 O-O 14. Ne4 Bxe5 15. dxe5 Nd5 16. Nc5 Qe7 17. Be3 Rfd8 18. Bd4 Bf5 19. Qf3 Qg5 20. h4 Qg6 21. e6 fxe6 22.
h5 Qf7 23. Qg3 Nf6 24. Be5 Rd5 25. Rac1 Nxh5 26. Qf3 Nf6 27. Bxf6 Qxf6 28. Ne4 Bxe4 29. Qxe4 Rad8 30. Rxc6 e5 31. Rc8 Kf7 32. Rxd8 Rxd8 33. Qb7+ Qe7 34. Qe4 Qf6 35. Qxh7 Qg6 36. Qh3 Re8 37.
Qf3+ Qf6 38. Qb7+ Re7 39. Qe4 Qe6 40. g3 Qf6 41. Qg2 Kg8 42. Qf1 Kf7 43. Qe2 Qe6 44.
Qe4 Qf6 45. Qg4 Kg8 46. Qh5 g6 47. Qe2 Kg7 48. Kg2 e4 49. Qxe4 Rxe4 50. Re3 Qc6 51. Rxe4 Qxe4+ 52. f3 Qd3 53. g4 Qxa3 54. Kg3 Qb2 55.
g5 a5 56. Kg4 a4 57. f4 a3 58. f5 a2 59. f6+ Kf7 60. Kf4 a1=Q 61. Ke4 Qe2+ 62.
Kd5 Qad1+ 63. Kc5 Qec2+ 64. Kb4 Qdb1+ 65. Ka3 Qca2# 0-1

[Event "*** Titled Tuesday Blitz"]
[Site "Chess.com"]
[Date "2020.05.12"]
[Round "8"]
[White "SerGo055"]
[Black "chito89"]
[Result "0-1"]
[WhiteElo "2576"]
[BlackElo "2754"]
[TimeControl "180+1"]
[EndTime "11:33:27 PDT"]
[Termination "chito89 won by resignation"]

1. d4 Nf6 2. Nf3 e6 3. Bf4 d5 4.
e3 Bd6 5. Bg3 O-O 6. c4 dxc4 7.
Bxc4 Nbd7 8. O-O b6 9. Nc3 Bb7 10. Rc1 Qe7 11. Nb5 Bxg3 12. hxg3 a6 13. Nc3 c5 14. d5 b5 15. dxe6 fxe6 16. Be2 Rad8 17.
Qc2 e5 18. e4 b4 19. Bc4+ Kh8 20.
Nd5 Nxd5 21. Bxd5 Bxd5 22. exd5 e4 23. Rfe1 Nf6 24. Rcd1 Rfe8 25. Ng5 h6 26. Ne6 Rc8 27. Nf4 Qd6 28. b3 Kg8 29. Qc4 a5 30. f3 exf3 31.
gxf3 g5 32. Ne2 Re3 33. Kf2 Rce8 34. Ng1 Rxe1 35. Rxe1 Rxe1 36. Kxe1 Qxg3+ 37. Kf1 Qd6 38. Qb5 Nxd5 39. Qxa5 Nf4 40. Qa8+ Kg7 41. Qe4 Qd1+ 42. Kf2 Qd2+ 43. Kf1 Qg2+ 44. Ke1 Qxg1+ 45. Kd2 Qd4+ 46.
Qxd4+ cxd4 0-1

[Event "*** Titled Tuesday Blitz"]
[Site "Chess.com"]
[Date "2020.05.12"]
[Round "8"]
[White "Witaliss"]
[Black "katchesskat"]
[Result "1-0"]
[WhiteElo "2426"]
[BlackElo "2249"]
[TimeControl "180+1"]
[EndTime "11:33:27 PDT"]
[Termination "Witaliss won by checkmate"]

1. d4 c5 2. d5 e5 3. c4 d6 4. Nc3 a6 5. a4 Ne7 6. e4 Ng6 7. g3 Be7 8. h4 h6 9. Bh3 O-O 10.
Bf5 Re8 11. Qg4 Kh8 12. h5 Bxf5 13. Qxf5 Nf8 14. Qxf7 Bf6 15. Qxb7 Nbd7 16. Qb3 Rb8 17.
Qc2 Rb4 18. b3 Bg5 19. Nf3 Bxc1 20. Rxc1 Nf6 21. Nd2 Qd7 22. Qd3 N8h7 23. Nd1 Qg4 24. Ne3 Qd7 25. Nf5 Ng5 26. f3 Rb6 27. Kf2 Qf7 28.
g4 Reb8 29. Rc3 Ng8 30. a5 Rb4 31. Nxd6 Qc7 32. Nf5 Qxa5 33. Kg3 Nf6 34. Qe3 Qa2 35. Rcc1 a5 36. Ra1 Qc2 37. Rhc1 Qb2 38. Rab1 Qa2 39. Qc3 Kh7 40. Ra1 Rxb3 41. Rxa2 Nfxe4+ 42. Nxe4 Rxc3 43. Rxc3 Nf7 44. Rxa5 Rb2 45. Ra7 Ng5 46. Nxg5+ hxg5 47. Rxg7+ Kh8 48. Re7 e4 49. d6 Rd2 50. d7 exf3 51. Rxf3 Kg8 52. Nh6+ Kh8 53. Rf8# 1-0

[Event "*** Titled Tuesday Blitz"]
[Site "Chess.com"]
[Date "2020.05.12"]
[Round "8"]
[White "ChristopherYoo"]
[Black "1stSecond"]
[Result "0-1"]
[WhiteElo "2895"]
[BlackElo "2721"]
[TimeControl "180+1"]
[EndTime "11:33:28 PDT"]
[Termination "1stSecond won on time"]

1. e4 e5 2. Nf3 Nc6 3. Bb5 a6 4.
Ba4 Nge7 5. d4 exd4 6. c3 g6 7. cxd4 b5 8. Bb3 Bg7 9. d5 Na5 10. Bd2 c5 11. Bc3 O-O 12. Bxg7 Kxg7 13. O-O d6 14.
Nc3 Bg4 15. h3 Bxf3 16. Qxf3 Ng8 17. Qg3 Re8 18. Rae1 Qf6 19. f4 Qd4+ 20. Kh2 b4 21. Rd1 Qf6 22. e5 Qf5 23. Ne2 Nxb3 24. Qxb3 Nh6 25.
Ng3 Qd7 26. Ne4 Nf5 27. g4 Nd4 28. Qg3 dxe5 29. fxe5 Qxd5 30. Nf6 Qxe5 31. Nxe8+ Qxe8 32. Rde1 Qb8 33. Qe5+ Qxe5+ 34. Rxe5 Ne6 35. Kg3 Rd8 36. Rf3 Rd2 37. Rf2 Rd3+ 38. Rf3 Rd1 39. Kg2 a5 40. a3 Rd2+ 41. Rf2 Rd4 42. axb4 axb4 43. Re1 Nf4+ 44. Kg3 Nd3 45. Ref1 Nxf2 46. Rxf2 Rd3+ 47. Kg2 Rb3 48. g5 c4 49. Rc2 c3 50.
bxc3 Rxc3 51. Rd2 Rc5 52. h4 Rb5 0-1

[Event "*** Titled Tuesday Blitz"]
[Site "Chess.com"]
[Date "2020.05.12"]
[Round "8"]
[White "Y0ung_Capablanca"]
[Black "ENEASZ"]
[Result "0-1"]
[WhiteElo "2691"]
[BlackElo "2521"]
[TimeControl "180+1"]
[EndTime "11:33:28 PDT"]
[Termination "ENEASZ won by checkmate"]

1. d4 d5 2. c4 e6 3. Nf3 Nf6 4. g3 Be7 5. Bg2 O-O 6. Nc3 dxc4 7. Ne5 Nc6 8. Bxc6 bxc6 9. Nxc6 Qe8 10. Nxe7+ Qxe7 11. Qa4 e5 12. dxe5 Qxe5 13. Bf4 Qh5 14. f3 Be6 15. O-O Rab8 16. Qc2 Qc5+ 17. Kg2 Nd5 18. Nxd5 Bxd5 19. Rad1 Rfe8 20. e4 Be6 21. Qf2 Qa5 22.
Bd2 Qxa2 23. Bc3 Qb3 24. Qxa7 Qc2+ 25. Rd2 Qb3 26. Qxc7 h6 27. g4 Rbc8 28. Qf4 Qb7 29. Rfd1 Rc5 30. h4 Qb8 31. Qe3 Rb5 32. Rd6 Kh7 33.
R1d2 Qc8 34. Kg3 f6 35. Qf4 Qa8 36. Qe3 Qc8 37. Qd4 Re7 38. Rd8 Qc7+ 39. Qd6 Qb7 40. Rf8 Bxg4 41. Qd8 Bxf3 42. Rh8+ Kg6 43. h5+ Rxh5 44.
Kxf3 Qxe4+ 45. Kg3 Rg5+ 46. Kh2 Qh4# 0-1

[Event "*** Titled Tuesday Blitz"]
[Site "Chess.com"]
[Date "2020.05.12"]
[Round "8"]
[White "Muguet7"]
[Black "Abund"]
[Result "0-1"]
[WhiteElo "2487"]
[BlackElo "2630"]
[TimeControl "180+1"]
[EndTime "11:33:28 PDT"]
[Termination "Abund won by checkmate"]

1. e4 c5 2. Nf3 Nc6 3. Nc3 e5 4.
Bc4 Be7 5. d3 d6 6. O-O Nf6 7.
Ne1 O-O 8. h3 Be6 9. f4 d5 10.
exd5 Nxd5 11. Nxd5 Bxd5 12. Bxd5 Qxd5 13. Qf3 Rad8 14.
Be3 exf4 15. Qxf4 Bd6 16. Qg5 Qe6 17. Bxc5 h6 18. Qf5 Bxc5+ 19. Qxc5 Nd4 20. c3 Rd5 21. Qxa7 Ne2+ 22. Kf2 Nf4 23. Qe3 Re5 24. Qf3 Qb6+ 25. d4 Qxb2+ 26. Kg1 Ne2+ 27. Kh2 Re6 28. Nd3 Qxc3 29.
Rae1 Nxd4 30. Qg3 Rg6 31. Qe3 Nc2 32. Qf3 Nxe1 33. Rxe1 Qc7+ 34. Kh1 Qc6 35. Qf2 Qd6 36. Nf4 Rf6 37. Rf1 g5 38. Qg3 Rxf4 39. Rxf4 Qxf4 40. Qxf4 gxf4 41. Kg1 Ra8 42. Kf2 Ra3 43. Ke2 Kg7 44.
Kf2 Kf6 45. Kg1 Ke5 46. Kh2 Ke4 47. h4 Rxa2 48. h5 Kf5 49. Kh3 Kg5 50. Kh2 Kxh5 51. Kh1 Kg4 52. Kg1 Kg3 53. Kh1 Ra1# 0-1

[Event "*** Titled Tuesday Blitz"]
[Site "Chess.com"]
[Date "2020.05.12"]
[Round "8"]
[White "doons21"]
[Black "DLR7"]
[Result "0-1"]
[WhiteElo "2533"]
[BlackElo "2720"]
[TimeControl "180+1"]
[EndTime "11:33:29 PDT"]
[Termination "DLR7 won by resignation"]

1. e4 c5 2. c3 Nc6 3. d4 cxd4 4. cxd4 d5 5. exd5 Qxd5 6. Nf3 e5 7. Nxe5 Nxe5 8. dxe5 Qxe5+ 9. Be3 Qxb2 10. Nd2 Bd7 11. Rb1 Qe5 12. Rxb7 Nf6 13. Nb3 Bc6 14. a4 Rd8 15. Nd4 Rxd4 16. Qxd4 Qxd4 17. Bxd4 Bxb7 18. Bb5+ Kd8 19. Bxa7 Bb4+ 20. Ke2 Re8+ 21. Kd3 Re6 22. Kc4 Be7 23. Rd1+ Rd6 24. Bb6+ Kc8 25. Rxd6 Bxd6 26.
g3 Nd7 27. Bd4 f6 28. f4 Bc7 29. Kb4 Bd6+ 30. Kc4 Nb8 31. Kb3 Bd5+ 32. Kc3 Nc6 33.
Bb6 Kb7 34. Bf2 Bb4+ 35. Kd3 Ba5 36. g4 Bb6 37. Be1 Be6 38. g5 Bf5+ 39. Kc4 fxg5 40.
fxg5 Be6+ 41. Kd3 Bd5 42. Bc3 g6 43. Be1 Bc7 44. h4 Be6 45. Ke4 Bf5+ 46. Kd5 Ne7+ 47. Kd4 Nc6+ 48. Kc5 Ne5 49. a5 Nd3+ 50. Bxd3 Bxd3 51.
Kd5 Ka6 52. Ke6 Bxa5 53. Bxa5 Kxa5 54. Kf7 Be2 55. Kg7 Bh5 56. Kxh7 Kb5 57. Kg7 Kc4 58. Kf6 Kd4 59. Ke6 Ke4 60. Kd6 Kf4 61. Kd5 Kg4 62. Ke5 Kxh4 63. Kf4 Kh3 64. Ke3 Kg4 0-1

[Event "*** Titled Tuesday Blitz"]
[Site "Chess.com"]
[Date "2020.05.12"]
[Round "8"]
[White "Andrei_Belozerov"]
[Black "anon102030"]
[Result "0-1"]
[WhiteElo "2596"]
[BlackElo "2749"]
[TimeControl "180+1"]
[EndTime "11:33:30 PDT"]
[Termination "anon102030 won by resignation"]

1. e4 e5 2. Nf3 Nc6 3. Bb5 Nge7 4. c3 d6 5. d4 Bd7 6. O-O Ng6 7. Be3 Be7 8. Nbd2 O-O 9. d5 Nb8 10. Bxd7 Nxd7 11. c4 f5 12. exf5 Rxf5 13. Ne4 a5 14.
Rc1 b6 15. b3 Nc5 16. Nfd2 Rf7 17. Nxc5 bxc5 18. Ne4 Qd7 19. f3 Nh4 20. Bf2 Nf5 21. Rc2 a4 22. Qd3 axb3 23. axb3 Rff8 24. Rb1 Rfb8 25. Rcb2 Ra3 26. Qd1 Qc8 27. Qc2 h6 28. g3 Rba8 29. Kg2 Qd7 30. b4 Nd4 31. Bxd4 cxd4 32.
Rb3 Qa4 33. R1b2 Rxb3 34. Qxb3 Qxb3 35. Rxb3 Ra2+ 36. Kh3 Rc2 37. c5 dxc5 38. bxc5 Bxc5 39. Rb8+ Kh7 40. Rc8 d3 41. Rxc7 Bg1 42. Rd7 d2 43. Nxd2 Rxd2 44. Kg4 Bxh2 45. d6 Rd4+ 46. Kf5 Bxg3 47.
Ke6 e4 48. fxe4 Rxe4+ 49. Kd5 Re1 50. Rf7 Rd1+ 51. Ke6 Rxd6+ 0-1

[Event "*** Titled Tuesday Blitz"]
[Site "Chess.com"]
[Date "2020.05.12"]
[Round "8"]
[White "Azatic"]
[Black "Anton_Demchenko"]
[Result "1-0"]
[WhiteElo "2585"]
[BlackElo "2802"]
[TimeControl "180+1"]
[EndTime "11:33:30 PDT"]
[Termination "Azatic won on time"]

1. e4 e5 2. Nf3 Nc6 3. Bb5 a6 4. Ba4 Nge7 5. O-O Ng6 6. c3 d6 7. d4 Bd7 8. Nbd2 Be7 9. Re1 O-O 10. h3 b5 11. Bb3 exd4 12. cxd4 Na5 13. Bc2 c5 14. Nf1 Nc6 15. Be3 Rc8 16. Rc1 Re8 17. Ng3 Bf8 18. Bb1 c4 19. b3 Na5 20. Bd2 Qb6 21.
b4 Nc6 22. d5 Nce5 23. Be3 Qd8 24. Nd4 a5 25. a3 axb4 26. axb4 Nh4 27. f4 Neg6 28.
Qd2 Ra8 29. Rf1 Ra3 30. Rc3 Qa8 31. f5 Ne5 32. Bg5 Rxc3 33. Qxc3 Be7 34. f6 Bxf6 35. Rxf6 gxf6 36. Bxh4 Qa4 37. Bc2 Qa2 38. Ngf5 Ng6 39.
Bxf6 Ra8 40. Nh6+ Kf8 41. Bg7+ Ke7 42. Ndf5+ Kd8 43. Qf6+ Kc8 44. Qxd6 Qxc2 45. Qc5+ Kd8 46. Qb6+ 1-0

[Event "*** Titled Tuesday Blitz"]
[Site "Chess.com"]
[Date "2020.05.12"]
[Round "8"]
[White "BaMBoMaTTo"]
[Black "tsvet2005"]
[Result "1-0"]
[WhiteElo "2647"]
[BlackElo "2493"]
[TimeControl "180+1"]
[EndTime "11:33:30 PDT"]
[Termination "BaMBoMaTTo won by resignation"]

1. e4 c5 2. Nf3 d6 3. d4 cxd4 4. Nxd4 Nf6 5. Nc3 a6 6. Bg5 Nbd7 7. Qe2 h6 8. Bh4 g6 9. f4 e5 10. fxe5 dxe5 11. O-O-O Qc7 12. Nb3 b5 13. Nd5 Nxd5 14.
exd5 Bd6 15. Qd2 g5 16. Be1 f5 17. g4 e4 18. Kb1 Ne5 19. gxf5 Nf3 20. Qe3 Bxf5 21. Bc3 Rc8 22. Be2 O-O 23. Nd4 Bf4 24. Qf2 b4 25. Nxf5 Rxf5 26. Bxf3 exf3 27. Bxb4 Qb7 28.
Qd4 Be5 29. Qe4 Rcf8 30. b3 f2 31. Bxf8 Qf7 32. Rhf1 Qxf8 33. Rxf2 Rxf2 34. Qxe5 Rf1 35. Qe6+ Kh7 36. Rxf1 Qxf1+ 37. Kb2 Qf4 38. d6 Qd4+ 39.
Kc1 Qa1+ 40. Kd2 Qd4+ 41. Ke2 Qc3 42. Qe4+ Kg7 43. d7 Qc7 44. Qd4+ Kg6 45. d8=Q Qxh2+ 46. Kd3 Qe5 47. Qxe5 1-0

[Event "*** Titled Tuesday Blitz"]
[Site "Chess.com"]
[Date "2020.05.12"]
[Round "8"]
[White "PlayChessSimple"]
[Black "Ekka83"]
[Result "1/2-1/2"]
[WhiteElo "2493"]
[BlackElo "2363"]
[TimeControl "180+1"]
[EndTime "11:33:30 PDT"]
[Termination "Game drawn by agreement"]

1. e4 e6 2. d4 d5 3. e5 c5 4. c3 Nc6 5. Nf3 Bd7 6. Be2 Qb6 7. O-O Rc8 8. dxc5 Bxc5 9. b4 Be7 10. Na3 Nh6 11.
Be3 Qc7 12. Nb5 Qb8 13. Bc5 Nxe5 14. Bxa7 Nxf3+ 15. Bxf3 Qe5 16. Re1 Qf6 17. Bd4 Qg5 18. Be3 Qf5 19. Nd4 Qf6 20. Bxh6 Qxh6 21. Qd3 O-O 22.
Nf5 Qf6 23. Nxe7+ Qxe7 24. Bxd5 Qf6 25. Bxb7 Rc7 26. Be4 g6 27. c4 Rfc8 28. c5 Ba4 29.
Rac1 Qb2 30. h4 Qxb4 31. Rc4 Qa5 32. Rec1 Rxc5 33. Rxc5 Rxc5 34. Rxc5 Qxc5 35. Qe3 Qc4 36. h5 Qxa2 37. h6 Qa1+ 38. Kh2 Qe5+ 39. g3 f5 40. Qa7 fxe4 41. Qxa4 Qh5+ 42. Kg1 Qxh6 43. Qe8+ Kg7 44. Qe7+ Kg8 45. Qxe6+ Kf8 46. Qf6+ Ke8 47. Qe6+ Kf8 48. Qf6+ Ke8 1/2-1/2

[Event "*** Titled Tuesday Blitz"]
[Site "Chess.com"]
[Date "2020.05.12"]
[Round "8"]
[White "Mouse-Sleep"]
[Black "checkmatequen"]
[Result "1-0"]
[WhiteElo "2514"]
[BlackElo "2273"]
[TimeControl "180+1"]
[EndTime "11:33:31 PDT"]
[Termination "Mouse-Sleep won by resignation"]

1. Nf3 c5 2. c4 Nc6 3. d4 cxd4 4.
Nxd4 e6 5. g3 a6 6. Bg2 Qc7 7.
Nc3 Nf6 8. b3 Bb4 9. Bb2 Qe5 10.
e3 Ne4 11. Rc1 Nxc3 12. Bxc3 Bxc3+ 13. Rxc3 Qa5 14. Qd2 Nb4 15. a4 Na2 16. Rc2 Qxd2+ 17.
Kxd2 Nb4 18. Rcc1 Ke7 19. a5 Rd8 20. Rhd1 d5 21. cxd5 Nxd5 22. Ke1 e5 23. Bxd5 exd4 24. Rxd4 Be6 25. Bxb7 Rxd4 26. exd4 Rb8 27. Bxa6 Rxb3 28.
Be2 Rb4 29. Ra1 Rxd4 30. Bf3 Rd7 31. a6 Ra7 32. Bb7 Kd6 33. Kd2 Kc7 34. Kc3 Kb6 35.
Kd4 Bd7 36. Ke5 Bc6 37. Kd6 Bxb7 38. axb7 Rxb7 39. Rb1+ Ka7 40. Rxb7+ Kxb7 41. Ke7 f5 42. Kf7 g5 43. Kg7 Kc6 44. Kxh7 Kd5 45. Kg6 Ke4 46.
Kxg5 Ke5 47. f4+ Ke4 48. h4 Kf3 49. Kxf5 1-0

[Event "*** Titled Tuesday Blitz"]
[Site "Chess.com"]
[Date "2020.05.12"]
[Round "8"]
[White "Pintacara"]
[Black "Maksimus1998"]
[Result "0-1"]
[WhiteElo "2301"]
[BlackElo "2454"]
[TimeControl "180+1"]
[EndTime "11:33:31 PDT"]
[Termination "Maksimus1998 won on time"]

1. d4 Nf6 2. Bg5 d5 3. Bxf6 exf6 4. e3 Bd6 5. c4 dxc4 6. Bxc4 O-O 7. Nc3 c6 8. Nf3 f5 9. O-O Nd7 10. a4 a5 11. Qb3 Qe7 12. Rfe1 Nf6 13. h3 h6 14. Nd2 Ne4 15. Rad1 Qh4 16. Re2 Nxd2 17. Rexd2 f4 18. exf4 Qxf4 19. g3 Qf3 20. Be2 Qf6 21. Ne4 Qg6 22.
Nxd6 Qxd6 23. Bf1 Be6 24. Qc3 Bd5 25. Re1 Qb4 26. Bd3 Qxa4 27. Bb1 Qb3 28. Qc5 Qc4 29. Qd6 Rfe8 30. Red1 Qb4 31. Qf4 Qe7 32. h4 Qe1+ 33. Kh2 Qe7 34. Qf5 g6 35. Qf4 Kg7 36.
Bd3 Qf6 37. Qxf6+ Kxf6 38. f4 Re3 39. g4 Rae8 40. g5+ hxg5 41. fxg5+ Kg7 42. Rf2 Rh8 43. Rf4 Rf3 44. Rxf3 Bxf3 45. Rf1 Bd5 46. Kg3 Re8 47. Kf4 b5 48. Rc1 a4 49. Rc5 Bh1 50. Bf1 Re1 51. Kg3 Rxf1 0-1

[Event "*** Titled Tuesday Blitz"]
[Site "Chess.com"]
[Date "2020.05.12"]
[Round "8"]
[White "kasparicy"]
[Black "csati17"]
[Result "0-1"]
[WhiteElo "2325"]
[BlackElo "2539"]
[TimeControl "180+1"]
[EndTime "11:33:32 PDT"]
[Termination "csati17 won on time"]

1. e4 e6 2. d4 d5 3. Nd2 Nf6 4.
e5 Nfd7 5. Bd3 c5 6. c3 Nc6 7. Ngf3 g6 8. h3 Bg7 9. h4 h6 10. h5 g5 11. O-O cxd4 12. cxd4 g4 13. Nh2 Nxd4 14. Nxg4 Nxe5 15. Nxe5 Bxe5 16. Nf3 Nxf3+ 17.
Qxf3 Bd7 18. Re1 Qf6 19. Qe2 Bd6 20. Be3 a6 21. Bb6 Rg8 22. Kf1 Qg5 23. Qf3 Bc6 24. Be3 Qg7 25. Rac1 Kd7 26. g3 Rab8 27. Bb6 Rbc8 28.
a3 Rgf8 29. b4 f5 30. Qe3 e5 31. Qe2 e4 32. b5 axb5 33. Bxb5 f4 34. g4 f3 35.
Bxc6+ Rxc6 36. Qb5 Qxg4 37. Red1 Qg2+ 38. Ke1 e3 39. Bxe3 Rc8 40. Rxc6 bxc6 41. Qd3 Qh1+ 42. Kd2 Qxh5 43. Qh7+ Be7 44. Qxh6 Qxh6 45. Bxh6 Bxa3 46. Ke3 Rh8 47. Bf4 Rf8 48. Ra1 Bc5+ 0-1

[Event "*** Titled Tuesday Blitz"]
[Site "Chess.com"]
[Date "2020.05.12"]
[Round "8"]
[White "mbachez"]
[Black "mamonika"]
[Result "1-0"]
[WhiteElo "2498"]
[BlackElo "2012"]
[TimeControl "180+1"]
[EndTime "11:33:32 PDT"]
[Termination "mbachez won on time"]

1. e4 c5 2. Nf3 d6 3. Bc4 Nf6 4. Qe2 e6 5. c3 Be7 6. O-O O-O 7. Bb3 a6 8. d4 b5 9. e5 dxe5 10. dxe5 Nfd7 11. a4 c4 12. Bc2 Bb7 13. Rd1 Qc7 14. Bf4 Nc5 15. axb5 axb5 16. Rxa8 Bxa8 17. Na3 Bc6 18.
Nd4 Rd8 19. Naxb5 Bxb5 20. Nxb5 Rxd1+ 21. Bxd1 Qd7 22. Nd4 Nd3 23. Bg3 Nc6 24. Nxc6 Qxc6 25. b4 h6 26. Bc2 Qd5 27. h3 Bd8 28. Qe3 Qd7 29. Kf1 Bc7 30. Ke2 Nb2 31. Qe4 Na4 32.
Qh7+ Kf8 33. Qh8+ Ke7 34. Qxg7 Nxc3+ 35. Ke1 Qd4 36. Qf6+ Ke8 37. Qf3 Nd5 38. Qe4 Qxe4+ 39. Bxe4 Nxb4 40. Bf4 c3 41. Kd1 c2+ 42. Kc1 h5 43.
Bxc2 Nc6 44. Ba4 Kd8 45. Kd2 Nxe5 46. Bb3 1-0